 BcadrenCrawl: Boulder Brew version 0.05.31-21-ga7dca09944 (webtiles) character file.

Game seed: 10534024057926774163, levelgen mode: deterministic

4129 diana the Grappler (level 10, -15/69 HPs) Oozomorph Gladiator. Began on Sept 30, 2021. Was an Initiate of Gozag Ym Sagoz. Demolished by a two-headed ogre ... wielding a cursed +5 giant spiked club {(Curse: Fragile)} (32 damage) ... on level 5 of the Dungeon. The game lasted 00:19:37 (6802 turns).

diana the Grappler (Oozomorph Gladiator)            Turns: 6802, Time: 00:19:38

Health: -15/69     AC: 14    Str: 18    XL:     10 ^: 5073
Magic:  11/11      EV: 11    Int:  9    God:    Gozag Ym Sagoz
Gold:   400        SH:  0    Dex: 17    Spells: 9/9 levels left

rFire    . . .     Vision   .     - Unarmed
rCold    x . .     Gourm    .     - Unarmed
rNeg     + . .     Faith    .   a - +0 leather armour
rCorr    + + +     Spirit   .   j - +0 leather armour
rPois    .         Reflect  .   q - +0 pair of clawed gauntlets
rElec    .         Harm     .   n - +0 leather armour
MR       +....                  v - +0 dagger (protect)
Stlth    ++........             (no amulet)
HPRegen  0.33/turn              g - ring of the Octopus King {rCorr AC+1 EV+1 Str+1 Int+1 Dex+1, (Curse: rC-)} (curse)
MPRegen  0.21/turn              o - ring of positive energy

@: no status effects
A: cytoplasmic subsumption, amorphous body, gelatinous body 1
a: Subsume Item, Eject Item, Potion Petition, Call Merchant, Bribe Branch,
Renounce Religion


You were on level 5 of the Dungeon.
You worshipped Gozag Ym Sagoz.
Gozag Ym Sagoz was aware of your devotion.
You were near starving.

You visited 2 branches of the dungeon, and saw 6 of its levels.

You collected 486 gold pieces.
You paid 86 gold pieces to Gozag.

Inventory:

Weapons
 k - a cursed +2 trident of piercing {(Curse: MR-)}
 v - a +0 dagger of protection (subsumed)
Armour
 a - a +0 leather armour (worn)
 j - a +0 leather armour (worn)
 n - a +0 leather armour (worn)
 q - a +0 pair of clawed gauntlets (worn)
Jewellery
 g - a cursed ring of the Octopus King (left hand) {rCorr AC+1 EV+1 Str+1 Int+1 Dex+1, (Curse: rC-)}
   (You took it off a kobold on level 1 of the Dungeon)

   [ring of resist corrosion]

   It affects your AC (+1).
   It affects your evasion (+1).
   It affects your strength (+1).
   It affects your intelligence (+1).
   It affects your dexterity (+1).
   It provides partial protection from all sources of acid and corrosion.
   It has a curse placed upon it.
   { (Curse: rC-)}
 o - a ring of positive energy (right hand)
Wands
 c - a wand of ensnaring (9)
 t - a wand of random effects (9)
Scrolls
 e - 2 scrolls of magic mapping
 l - 2 scrolls of enchantment
 m - 2 scrolls of fog
 r - a scroll of teleportation
 s - a scroll of acquirement
Potions
 b - 3 potions of brilliance
 h - a potion of agility
 i - a potion of amnesia
 p - a potion of haste
Comestibles
 d - 27 rations


   Skills:
 * Level 6.6 Fighting
 + Level 3.5 Armour
 + Level 6.9 Dodging
 + Level 10.5 Unarmed Combat
 - Level 2.0 Evocations


You had 9 spell levels left.
You didn't know any spells.
Your spell library was empty.

Dungeon Overview and Level Annotations

Branches:
Dungeon (5/8)              Temple (1/1) D:4
   Lair: D:5

Altars:
Cheibriados
Dithmenos
Fedhas Madash
Gozag Ym Sagoz
Hepliaklqana
Kikubaaqudgha
Makhleb
Nemelex Xobeh
Okawaru
Qazlal
Wu Jian
Xom
Zin
The Shining One


Innate Abilities, Weirdness & Mutations

You may subsume any weapon, armour, or jewellery into your cytoplasm to benefit from its magical properties.
Your body is completely amorphous, allowing you to wear any combination of armour.
You have seven amorphous slots; replacing the normal gear slots.
Body armours and bardings take two slots, all other armours take one.
Your gelatinous form is immune to acid, constriction and sticky flames. (rCorr+, Slime)


Message History

The two-headed ogre misses you (0).
You hit the two-headed ogre (5). You hit the two-headed ogre (1).
The two-headed ogre is lightly wounded. (46/53) HP You hit the two-headed ogre (3).
You punch the two-headed ogre (7)!
The two-headed ogre is moderately wounded. (36/53) HP The two-headed ogre barely misses you (0). x2
You hit the two-headed ogre (1). x2
The two-headed ogre is moderately wounded. (34/53) HP You hit the two-headed ogre (6).
You hit the two-headed ogre but do no damage.
The two-headed ogre is heavily wounded. (28/53) HP The two-headed ogre hits you with a cursed +5 giant spiked club {(Curse: Fragile)} (9)!
The two-headed ogre hits you with a cursed +4 dire flail of protection {(Curse: Fragile MR-)} (15)!
* * * LOW HITPOINT WARNING * * *
The two-headed ogre blocks your attack.
You hit the two-headed ogre but do no damage.
The two-headed ogre is heavily wounded. (28/53) HP The two-headed ogre hits you with a cursed +5 giant spiked club {(Curse: Fragile)} (32)!!
You die...
Your body crumbles into a pile of gold.

##+########
...........#
...........#
..........# .O........
######......#
#...##......#
#..<.#....$.#
#..@.+...$..#
#..O.#O.....#
#....#......#
#...##......#
#...##......#
#...........#
#...##......#
#..####...#...##......#
#.........#...........#


You could see a two-headed ogre.

Vanquished Creatures
  A wyvern (D:5)
  A hippogriff (D:4)
  A scorpion (D:3)
  A porcupine (D:3)
  A water moccasin (D:2)
  2 orc warriors
  A sky beast (D:4)
  A black bear (D:4)
  4 ogres (D:4)
  3 big kobolds
  A crocodile (D:2)
  10 bullfrogs
  Blork the orc (D:3)
  2 howler monkeys (D:3)
  4 jellies
  A hornet zombie (D:4)
  A crimson imp (D:4)
  A gnoll shaman (D:3)
  11 orc priests
  6 hounds
  8 orc wizards
  2 iguanas
  7 worker ants
  2 wyvern zombies (D:4)
  6 giant cockroaches
  A bullfrog skeleton (D:4)
  2 shadow imps
  9 adders
  3 gnolls (D:3)
  17 sewer rats
  A white imp (D:4)
  7 cinder newts
  2 worms (D:2)
  A worker ant zombie (D:5)
  4 oozes
  7 leopard geckos
  33 orcs
  3 adder skeletons
  2 ball pythons (D:2)
  3 bats (D:1)
  3 cinder newt skeletons (D:2)
  6 goblins (D:1)
  A hobgoblin (D:1)
  2 jackals (D:4)
  22 kobolds
  3 quokkas
  2 bat skeletons (D:2)
  5 rats (D:1)
  A withered plant (D:2)
219 creatures vanquished.

Vanquished Creatures (others)
  A jelly (D:2)
  A leopard gecko (D:2)
  A gnoll skeleton (D:2)
  3 kobolds (D:2)
  A bat (D:2)
  A rat (D:2)
  A rat skeleton (D:2)
  103 withered plants (D:2)
112 creatures vanquished.

Grand Total: 331 creatures vanquished

Notes
Turn   | Place    | Note
-------+----------+-------------------------------------------
     0 | D:1      | diana the Oozomorph Gladiator began the quest for the Orb.
     0 | D:1      | Reached XP level 1. HP: 14/14 MP: 2/2
    31 | D:1      | Reached XP level 2. HP: 20/20 MP: 3/3
    90 | D:1      | Found the cursed ring of the Octopus King {rCorr AC+1 EV+1
                  | Str+1 Int+1 Dex+1, (Curse: rC-)}
   100 | D:1      | Reached skill level 1 in Armour
   100 | D:1      | Reached XP level 3. HP: 20/26 MP: 4/4
   277 | D:1      | Reached XP level 4. HP: 29/31 MP: 5/5
   692 | D:2      | Noticed a big kobold
   826 | D:1      | Killed a big kobold
   826 | D:1      | Reached XP level 5. HP: 8/37 MP: 6/6
  1087 | D:2      | Reached skill level 4 in Unarmed Combat
  1187 | D:2      | Reached XP level 6. HP: 42/44 MP: 7/7
  1819 | D:2      | Reached skill level 5 in Unarmed Combat
  1819 | D:2      | Reached XP level 7. HP: 19/49 MP: 8/8
  2392 | D:2      | Reached skill level 6 in Unarmed Combat
  3135 | D:3      | Noticed Blork the orc
  3152 | D:3      | Killed Blork the orc
  3317 | D:3      | Reached XP level 8. HP: 54/54 MP: 9/9
  3319 | D:3      | Reached skill level 7 in Unarmed Combat
  3360 | D:3      | Found a burning altar of Makhleb.
  3770 | D:3      | Found a blossoming altar of Fedhas.
  3784 | D:3      | Reached skill level 5 in Dodging
  3907 | D:3      | Reached skill level 8 in Unarmed Combat
  4062 | D:3      | Identified a scroll of acquirement
  4341 | D:3      | Reached skill level 9 in Unarmed Combat
  4524 | D:4      | Reached XP level 9. HP: 52/59 MP: 10/10
  4910 | D:4      | Found a stormy altar of Qazlal.
  4959 | D:4      | Reached skill level 10 in Unarmed Combat
  5145 | D:4      | Reached skill level 5 in Fighting
  5181 | D:4      | your +0 dagger of protection protects you from harm!
  5410 | D:4      | Noticed an orc knight
  5582 | D:4      | Found a staircase to the Ecumenical Temple.
  5593 | Temple   | Entered the Ecumenical Temple
  5629 | Temple   | Became a worshipper of Gozag Ym Sagoz the Greedy
  6529 | D:4      | Reached XP level 10. HP: 41/69 MP: 11/11
  6691 | D:5      | Entered Level 5 of the Dungeon
  6780 | D:5      | Noticed a two-headed ogre
  6802 | D:5      | Demolished by a two-headed ogre

Levels and vault maps discovered:
D:1:      tarquinn_simple_flora_water_a, layout_basic
D:2:      layout_sewer, first_ration
D:3:      layout_basic, kennysheep_mini_moat, basic_altar,
          bcadren_nooodl_food_pyramid, uniq_blork_the_orc
D:4:      layout_basic, nicolae_qazlal_eye_of_the_storm,
          minmay_temple_entry_grid, serial_shops, nicolae_shop_behind_doors,
          special_room [special_room_orc]
D:5:      layout_stronghold, gammafunk_temple_overflow_elements,
          lair_entry_dummy, serial_shops, shop
Temple:   chequers_temple_sunken

Skill      XL: |  1  2  3  4  5  6  7  8  9 |
---------------+----------------------------+-----
Fighting       | 3 4 6 |  6.6
Armour         | 1 2 3 |  3.5
Dodging        | 3 4 5 6 |  6.9
Unarmed Combat | 4 5 6 9 10 | 10.5
Evocations     | |  2.0

Action                   |  1- 3 |  4- 6 |  7- 9 | 10-12 || total
-------------------------+-------+-------+-------+-------++-------
Melee: Unarmed           |   120 |   447 |   953 |    47 ||  1567
 Abil: Subsume Item      |       |       |     1 |       ||     1
Evoke: Wand              |       |       |     1 |     3 ||     4
  Use: Potion            |       |       |     3 |       ||     3
       Scroll            |       |       |     2 |       ||     2
 Stab: Sleeping          |     1 |       |     2 |       ||     3
  Eat: Chunk             |       |     4 |    13 |       ||    17
       Ration            |       |       |     1 |       ||     1
Armor: Skin              |    12 |    39 |   152 |     4 ||   207
Dodge: Dodged            |    34 |   101 |   157 |    10 ||   302
